 Dungeon Crawl Stone Soup version 0.26.1-16-g4e020e15dc (webtiles) character file.

Game seed: 2639711987633424575

132 Froggeryz the Cutter (level 5, -1/37 HPs)
             Began as an Octopode Berserker on Mar 3, 2023.
             Was a Believer of Trog.
             Killed from afar by an orc wizard (8 damage)
             ... with a magic dart
             ... on level 3 of the Dungeon.
             The game lasted 00:01:23 (2352 turns).

Froggeryz the Cutter (Octopode Berserker)           Turns: 2352, Time: 00:01:23

Health: -1/37      AC:  1    Str: 17    XL:     5   Next: 15%
Magic:  5/5        EV: 14    Int:  9    God:    Trog [**....]
Gold:   61         SH:  0    Dex: 12    Spells: 4/4 levels left

rFire    . . .     SeeInvis .   a - +0 short sword
rCold    . . .     Faith    .   (no shield)
rNeg     . . .     Spirit   .   (helmet restricted)
rPois    .         Reflect  .   (no amulet)
rElec    .         Harm     .   (no ring)
rCorr    .         Rampage  .   (no ring)
Will     .....                  (no ring)
Stlth    ++........             (no ring)
HPRegen  0.12/turn              (no ring)
MPRegen  0.09/turn              (no ring)
                                (no ring)
                                (no ring)

@: confused
A: almost no armour, stealthy swim, amphibious, 8 rings, constrict 8, camouflage
1, gelatinous body 1
a: Renounce Religion, Berserk, Trog's Hand


You were on level 3 of the Dungeon.
You worshipped Trog.
Trog was pleased with you.
You visited 1 branch of the dungeon, and saw 3 of its levels.

You collected 61 gold pieces.

Inventory:

Hand Weapons
 a - a +0 short sword (weapon)
Missiles
 e - 3 javelins
 i - 8 poisoned darts (quivered)
 n - 8 curare-tipped darts
Jewellery
 f - a cursed amulet of inaccuracy {unknown}
Scrolls
 b - a scroll of fear {unknown}
 c - a scroll of magic mapping {unknown}
 d - 3 scrolls of identify {unknown}
 g - a scroll of remove curse {unknown}
 j - a scroll of amnesia {unknown}
 m - a scroll of fog {unknown}
Potions
 h - a potion of haste {unknown}
 k - a potion of magic {unknown}
 l - a potion of curing {unknown}


   Skills:
 + Level 3.8 Fighting
 * Level 4.5 Short Blades
 - Level 3.0 Dodging
 + Level 3.1 Stealth


You had 4 spell levels left.
You didn't know any spells.
Your spell library was empty.

Dungeon Overview and Level Annotations

Branches:
Dungeon (3/15)

Altars:

Annotations:
D:1 1 runed translucent door


Innate Abilities, Weirdness & Mutations

You cannot wear most types of armour.
You are very stealthy in the water. (Stealth+)
You are amphibious.
You can wear up to eight rings at the same time.
You can use your tentacles to constrict eight enemies at once.
Your skin changes colour to match your surroundings (Stealth+).
Your rubbery body absorbs attacks. (AC +1, EV +1)


Message History

The orc wizard hits you with a +0 dagger.
You closely miss the orc wizard. You grab the orc wizard.
You constrict the orc wizard.
The orc wizard hits you but does no damage.
You hit the orc wizard.
The orc wizard is moderately wounded.
You constrict the orc wizard. The orc wizard closely misses you.
You barely miss the orc wizard.
The orc wizard is moderately wounded.
You constrict the orc wizard. The orc wizard casts a spell at you.
You are confused.
You bump into the rock wall.
You constrict the orc wizard. The orc wizard casts a spell at you.
The magic dart hits you!
* * * LOW HITPOINT WARNING * * *
You bump into the rock wall.
You constrict the orc wizard. The orc wizard casts a spell at you.
The magic dart hits you!
You die...

#........#
#........#
#(.......#
#........#
#.....)..#
##........#
.....!.oo.#
.##+###o### #@#
# #.#
#...###'#######
..............#
##..#.........#
# #.......).#
#......รท.<#
#.........#
#########.#


You could see an orc wizard and 2 orcs.

Vanquished Creatures
  8 adders
  A dart slug (D:1)
  A leopard gecko (D:1)
  2 orcs (D:3)
  2 giant cockroaches (D:2)
  6 goblins
  7 hobgoblins
  7 jackals (D:2)
  6 bats
  3 frilled lizards (D:2)
  7 kobolds
  7 rats
57 creatures vanquished.

Notes
Turn   | Place    | Note
-------+----------+-------------------------------------------
     0 | D:1      | Froggeryz the Octopode Berserker began the quest for the
                  | Orb.
     0 | D:1      | Reached XP level 1. HP: 16/16 MP: 1/1
     0 | D:1      | Noticed a jelly
     1 | D:1      | Found a runed translucent door.
    90 | D:1      | Reached skill level 1 in Stealth
    90 | D:1      | Reached XP level 2. HP: 16/21 MP: 2/2
   579 | D:1      | Reached XP level 3. HP: 26/26 MP: 3/3
   766 | D:2      | Found a faded altar of an unknown god.
   976 | D:2      | Reached ** piety under Trog
  1397 | D:2      | Reached skill level 4 in Short Blades
  1397 | D:2      | Reached XP level 4. HP: 24/31 MP: 4/4
  2084 | D:3      | Reached XP level 5. HP: 14/37 MP: 5/5
  2352 | D:3      | Killed from afar by an orc wizard

Illustrated notes

Levels and vault maps discovered:
D:1:      dpeg_arrival_caged_fury, layout_rooms
D:2:      layout_loops_ring, chequers_ecumenical_altar_simple,
          minmay_fountain_box, amethyst_killhole, minmay_misc_feat_ornament
D:3:      layout_basic, uniq_crazy_yiuf_cottage

Skill      XL: |  1  2  3  4 |
---------------+-------------+-----
Stealth        | 1 2 3 |  3.1
Short Blades   | 4 |  4.5
Fighting       | |  3.8
Dodging        | |  3.0

Action                   |  1- 3 |  4- 6 || total
-------------------------+-------+-------++-------
Melee: Short sword       |    61 |    51 ||   112
       Constrict         |    19 |     9 ||    28
       Tentacles         |     9 |    10 ||    19
Invok: Trog's Hand       |       |     1 ||     1
 Stab: Sleeping          |     5 |     3 ||     8
Armor: Skin              |     3 |       ||     3
Dodge: Dodged            |    32 |    32 ||    64
